ITL
TRENTON STARS @ DETROIT X-WINGS
04/20/2026
 
TOP OF THE 1ST
Trenton Stars batting - Pitching for Detroit X-Wings : RHP Ralph Bascombe
Pitching: RHP Ralph Bascombe
Batting: LHB Felipe Guerrero 0-0: Ground out 4-3 (Groundball, 34)
Batting: RHB Kenji Murayama 0-0: Called Strike
0-1: Ball
1-1: Ground out 5-3 (Groundball, 5)
Batting: RHB Salvador Gonzáles 0-0: Called Strike
0-1: Ball
1-1: Ball
2-1: Foul Ball, location: 2F
2-2: Strikes out swinging
Top of the 1st over - 0 run(s), 0 hit(s), 0 error(s), 0 left on base; Trenton 0 - Detroit 0
BOTTOM OF THE 1ST
Detroit X-Wings batting - Pitching for Trenton Stars : RHP Juan Vázquez
Pitching: RHP Juan Vázquez
Batting: RHB Yoshitsune Kamida 0-0: Ball
1-0: Swinging Strike
1-1: Ball
2-1: Ball
3-1: Base on Balls
Batting: SHB Felipe Detorres 0-0: Foul Ball, location: 2F
0-1: Ball
1-1: Ball
2-1: Swinging Strike
2-2: Strikes out looking
Batting: RHB Diego Ocampo 0-0: Foul Ball, location: 2F
0-1: Ball
Wild Pitch!
Yoshitsune Kamida to second
1-1: Foul Ball, location: 2F
1-2: Foul Ball, location: 2F
1-2: Ground out 1-3 (Groundball, 13)
Yoshitsune Kamida to third
Batting: LHB Juan Jose Pineda 0-0: Ball
1-0: Ground out 4-3 (Groundball, 4M)
Bottom of the 1st over - 0 run(s), 0 hit(s), 0 error(s), 1 left on base; Trenton 0 - Detroit 0
TOP OF THE 2ND
Trenton Stars batting - Pitching for Detroit X-Wings : RHP Ralph Bascombe
Batting: LHB Alonzo Medine 0-0: Called Strike
0-1: Ball
1-1: Foul Ball, location: 2F
1-2: Ball
2-2: Ball
3-2: Ground out 4-3 (Groundball, 4)
Batting: RHB Chris Cole 0-0: Called Strike
0-1: Ball
1-1: Ball
2-1: Ball
3-1: Base on Balls
Batting: LHB Ju-wei Shiu 0-0: SINGLE (Groundball, 4MD)
Chris Cole to second
Batting: LHB Alberto Gómez 0-0: Ball
1-0: Swinging Strike
1-1: Foul Ball, location: 2F
1-2: Strikes out swinging
Batting: RHB Jesús Dávila 0-0: Called Strike
0-1: Fielders Choice at 2nd, U6 (Groundball, 6M)
Top of the 2nd over - 0 run(s), 1 hit(s), 0 error(s), 2 left on base; Trenton 0 - Detroit 0
BOTTOM OF THE 2ND
Detroit X-Wings batting - Pitching for Trenton Stars : RHP Juan Vázquez
Batting: SHB Jaime Montés 0-0: Ball
1-0: Ball
2-0: Foul Ball, location: 2F
2-1: Ball
3-1: Base on Balls
Batting: RHB Gary Witt 0-0: Ball
1-0: Ball
2-0: Swinging Strike
2-1: Ball
3-1: Base on Balls
Jaime Montés to second
Batting: LHB Gonzalo Trujillo 0-0: Called Strike
0-1: Called Strike
0-2: Strikes out swinging
Batting: RHB Vincente Encarnación 0-0: Ball
1-0: Ball
2-0: Foul Ball, location: 2F
2-1: Fly out, F8 (Flyball, 8LM)
Batting: LHB Ramón Sánchez 0-0: Foul Ball, location: 2F
0-1: Called Strike
0-2: Strikes out swinging
Bottom of the 2nd over - 0 run(s), 0 hit(s), 0 error(s), 2 left on base; Trenton 0 - Detroit 0
TOP OF THE 3RD
Trenton Stars batting - Pitching for Detroit X-Wings : RHP Ralph Bascombe
Batting: SHB Rafael Villa 0-0: Foul Ball, location: 2F
0-1: SINGLE (Line Drive, 6D)
Batting: LHB Felipe Guerrero 0-0: Called Strike
0-1: Foul Ball, location: 2F
0-2: Ball
1-2: Fly out, F7 (Flyball, 78M)
Batting: RHB Kenji Murayama 0-0: Ball
1-0: Foul Ball, location: 2F
1-1: Ball
2-1: Ball
Rafael Villa steals 2nd base
3-1: Base on Balls
Batting: RHB Salvador Gonzáles 0-0: SINGLE (Line Drive, 6M)
Rafael Villa to third
Kenji Murayama to second
Runner from 3rd tries for Home, SAFE, no throw or cutoff
Batting: LHB Alonzo Medine 0-0: Ball
1-0: Ball
2-0: Fly out, F8 (Flyball, 8RM)
Batting: RHB Chris Cole 0-0: Fly out, F8 (Flyball, 8LXD)
Top of the 3rd over - 1 run(s), 2 hit(s), 0 error(s), 2 left on base; Trenton 1 - Detroit 0
BOTTOM OF THE 3RD
Detroit X-Wings batting - Pitching for Trenton Stars : RHP Juan Vázquez
Batting: RHB Yoshitsune Kamida 0-0: SINGLE (Groundball, 56D)
Batting: SHB Felipe Detorres 0-0: Foul Ball, location: 2F
0-1: Swinging Strike
0-2: Fielders Choice at 2nd, 3-6 (Groundball, 3)
Batting: RHB Diego Ocampo 0-0: Ball
1-0: Called Strike
1-1: Ball
2-1: Foul Ball, location: 2F
2-2: Ball
3-2: Base on Balls
Felipe Detorres to second
Batting: LHB Juan Jose Pineda 0-0: SINGLE (Groundball, 56)
Felipe Detorres to third
Diego Ocampo to second
Batting: SHB Jaime Montés 0-0: Called Strike
0-1: Foul Ball, location: 2F
0-2: Foul Ball, location: 2F
0-2: Strikes out swinging
Batting: RHB Gary Witt 0-0: Foul Ball, location: 2F
0-1: Ball
1-1: Swinging Strike
1-2: Ball
2-2: Ball
3-2: Base on Balls
Felipe Detorres scores
Diego Ocampo to third
Juan Jose Pineda to second
Batting: LHB Gonzalo Trujillo 0-0: Ball
1-0: Called Strike
1-1: Ball
2-1: Ball
3-1: Foul Ball, location: 2F
3-2: Foul Ball, location: 2F
3-2: Foul Ball, location: 2F
3-2: Base on Balls
Diego Ocampo scores
Juan Jose Pineda to third
Gary Witt to second
Batting: RHB Vincente Encarnación 0-0: Ball
1-0: Called Strike
1-1: Ball
2-1: Foul Ball, location: 2F
2-2: Strikes out swinging
Bottom of the 3rd over - 2 run(s), 2 hit(s), 0 error(s), 3 left on base; Trenton 1 - Detroit 2
TOP OF THE 4TH
Trenton Stars batting - Pitching for Detroit X-Wings : RHP Ralph Bascombe
Batting: LHB Ju-wei Shiu 0-0: Ground out 3-1 (Groundball, 34S)
Batting: LHB Alberto Gómez 0-0: Called Strike
0-1: Ball
1-1: Ball
2-1: Swinging Strike
2-2: Strikes out swinging
Batting: RHB Jesús Dávila 0-0: Ball
1-0: Called Strike
1-1: Ball
2-1: Foul Ball, location: 2F
2-2: Ball
3-2: Foul Ball, location: 2F
3-2: Base on Balls
Pitching: RHP Don Brown
Batting: SHB Rafael Villa 0-0: Ball
1-0: Foul Ball, location: 2F
1-1: Ball
2-1: Foul Ball, location: 2F
2-2: Strikes out swinging
Top of the 4th over - 0 run(s), 0 hit(s), 0 error(s), 1 left on base; Trenton 1 - Detroit 2
BOTTOM OF THE 4TH
Detroit X-Wings batting - Pitching for Trenton Stars : RHP Juan Vázquez
Batting: LHB Ramón Sánchez 0-0: Swinging Strike
0-1: Foul Ball, location: 2F
0-2: Ball
1-2: Fly out, F7 (Flyball, 78S)
Batting: RHB Yoshitsune Kamida 0-0: Swinging Strike
0-1: Ball
1-1: Foul Ball, location: 2F
1-2: Foul Ball, location: 2F
1-2: Fly out, F9 (Flyball, 89M)
Batting: SHB Felipe Detorres 0-0: Ball
1-0: Ground out U3 (Groundball, 3)
Bottom of the 4th over - 0 run(s), 0 hit(s), 0 error(s), 0 left on base; Trenton 1 - Detroit 2
TOP OF THE 5TH
Trenton Stars batting - Pitching for Detroit X-Wings : RHP Don Brown
Batting: LHB Felipe Guerrero 0-0: Foul Ball, location: 2F
0-1: Fly out, F6 (Line Drive, 6)
Batting: RHB Kenji Murayama 0-0: Called Strike
0-1: Ball
1-1: Ball
2-1: Ball
3-1: Base on Balls
Batting: RHB Salvador Gonzáles 0-0: Ball
1-0: Foul Ball, location: 2F
1-1: Swinging Strike
1-2: Foul Ball, location: 2F
1-2: Ball
2-2: Strikes out swinging
Batting: LHB Alonzo Medine 0-0: Ball
1-0: Ball
2-0: Swinging Strike
2-1: Foul Ball, location: 2F
2-2: 2-RUN HOME RUN (Flyball, 78XD), Distance : 396 ft
Batting: RHB Chris Cole 0-0: Hit by Pitch
Pitching: RHP Gabriel Ruíz
Pinch Runner at 1st Rafael Canales:
Batting: LHB Ju-wei Shiu 0-0: Ball
1-0: Called Strike
1-1: Ball
2-1: Foul Ball, location: 2F
2-2: Ball
3-2: Base on Balls
Rafael Canales to second
Batting: LHB Alberto Gómez 0-0: Called Strike
0-1: Ball
1-1: Foul Ball, location: 2F
1-2: Ball
2-2: Ball
3-2: Base on Balls
Rafael Canales to third
Ju-wei Shiu to second
Batting: RHB Jesús Dávila 0-0: Ball
1-0: Foul Ball, location: 2F
1-1: Swinging Strike
1-2: Ball
2-2: Strikes out looking
Top of the 5th over - 2 run(s), 1 hit(s), 0 error(s), 3 left on base; Trenton 3 - Detroit 2
BOTTOM OF THE 5TH
Detroit X-Wings batting - Pitching for Trenton Stars : RHP Juan Vázquez
Pitching: RHP Jonathan Booker
Batting: RHB Diego Ocampo 0-0: Foul Ball, location: 2F
0-1: Swinging Strike
0-2: Strikes out swinging
Batting: LHB Juan Jose Pineda 0-0: Ball
1-0: Ball
2-0: Ball
3-0: Called Strike
3-1: SINGLE (Line Drive, 89M)
Batting: SHB Jaime Montés 0-0: Ball
Juan Jose Pineda steals 2nd base
1-0: Called Strike
1-1: Ball
2-1: Ball
3-1: Swinging Strike
3-2: Base on Balls
Batting: RHB Gary Witt 0-0: Ball
1-0: Ball
2-0: Ball
3-0: Called Strike
3-1: Base on Balls
Juan Jose Pineda to third
Jaime Montés to second
Batting: LHB Gonzalo Trujillo 0-0: Called Strike
0-1: Foul Ball, location: 2F
0-2: Strikes out swinging
Batting: RHB Vincente Encarnación 0-0: Ball
1-0: Ball
2-0: Ball
3-0: Base on Balls
Juan Jose Pineda scores
Jaime Montés to third
Gary Witt to second
Batting: LHB Ramón Sánchez 0-0: Ball
1-0: Foul Ball, location: 2F
1-1: SINGLE (Groundball, 4M)
Jaime Montés scores
Gary Witt to third
Vincente Encarnación to second
Runner from 3rd tries for Home, SAFE, no throw or cutoff
Batting: RHB Yoshitsune Kamida 0-0: Ball
1-0: Ball
2-0: Ball
3-0: Base on Balls
Vincente Encarnación to third
Ramón Sánchez to second
Batting: SHB Felipe Detorres 0-0: Called Strike
0-1: Ground out 6-3 (Groundball, 6S)
Bottom of the 5th over - 3 run(s), 2 hit(s), 0 error(s), 3 left on base; Trenton 3 - Detroit 5
TOP OF THE 6TH
Trenton Stars batting - Pitching for Detroit X-Wings : RHP Gabriel Ruíz
Batting: SHB Rafael Villa 0-0: Called Strike
0-1: Ground out 4-3 (Groundball, 4)
Batting: LHB Felipe Guerrero 0-0: Ball
1-0: Ground out 4-3 (Groundball, 4M)
Batting: RHB Kenji Murayama 0-0: SINGLE (Line Drive, 89S)
Batting: RHB Salvador Gonzáles 0-0: Ball
1-0: Ball
2-0: Called Strike
2-1: Ball
3-1: Base on Balls
Kenji Murayama to second
Batting: LHB Alonzo Medine 0-0: Called Strike
0-1: Ball
1-1: Called Strike
1-2: Ball
2-2: Foul Ball, location: 2F
2-2: Foul Ball, location: 2F
2-2: Ball
3-2: Strikes out swinging
Top of the 6th over - 0 run(s), 1 hit(s), 0 error(s), 2 left on base; Trenton 3 - Detroit 5
BOTTOM OF THE 6TH
Detroit X-Wings batting - Pitching for Trenton Stars : RHP Jonathan Booker
Pitching: RHP Alfredo Ruíz
Batting: RHB Diego Ocampo 0-0: Swinging Strike
0-1: Ball
1-1: Ball
2-1: Ball
3-1: Foul Ball, location: 2F
3-2: Base on Balls
Batting: LHB Juan Jose Pineda 0-0: Ball
1-0: Fly out, F9 (Flyball, 9M)
Batting: SHB Jaime Montés 0-0: Ball
1-0: Foul Ball, location: 2F
1-1: Ball
2-1: Ball
3-1: Base on Balls
Diego Ocampo to second
Batting: RHB Gary Witt 0-0: Foul Ball, location: 2F
0-1: Ball
1-1: Called Strike
1-2: Foul Ball, location: 2F
1-2: SINGLE (Groundball, 6)
Diego Ocampo to third
Jaime Montés to second
Batting: LHB Gonzalo Trujillo 0-0: Ball
1-0: Swinging Strike
1-1: Swinging Strike
1-2: Strikes out swinging
Batting: RHB Vincente Encarnación 0-0: Ball
1-0: Called Strike
1-1: Ball
2-1: Fly out, F7 (Line Drive, 78M)
Bottom of the 6th over - 0 run(s), 1 hit(s), 0 error(s), 3 left on base; Trenton 3 - Detroit 5
TOP OF THE 7TH
Trenton Stars batting - Pitching for Detroit X-Wings : RHP Gabriel Ruíz
Batting: RHB Rafael Canales 0-0: Ball
1-0: Ball
2-0: Ball
3-0: Called Strike
3-1: DOUBLE (Line Drive, 9LS)
Batting: LHB Ju-wei Shiu 0-0: Ball
1-0: Ball
2-0: Ball
3-0: Foul Ball, location: 2F
3-1: Base on Balls
Batting: LHB Alberto Gómez 0-0: Swinging Strike
0-1: Ball
1-1: Fly out, F6 (Popup, 6M)
Batting: RHB Jesús Dávila 0-0: Ball
1-0: Foul Ball, location: 2F
1-1: Swinging Strike
1-2: Ball
2-2: Foul Ball, location: 2F
2-2: Ball
3-2: Reached on error, E6 (Groundball, 56)
Rafael Canales to third
Ju-wei Shiu to second
Batting: SHB Rafael Villa 0-0: Ball
1-0: Called Strike
1-1: Ball
2-1: Grounds into double play, 4-6-3 (Groundball, 4)
Top of the 7th over - 0 run(s), 1 hit(s), 1 error(s), 2 left on base; Trenton 3 - Detroit 5
BOTTOM OF THE 7TH
Detroit X-Wings batting - Pitching for Trenton Stars : RHP Alfredo Ruíz
Pitching: LHP Michael Puckett
Batting: LHB Ramón Sánchez 0-0: Called Strike
0-1: Ball
1-1: Called Strike
1-2: Strikes out looking
Batting: RHB Yoshitsune Kamida 0-0: Ball
1-0: Ground out 4-3 (Groundball, 4)
Batting: SHB Felipe Detorres 0-0: Called Strike
0-1: SINGLE (Groundball, 5L)
Pitching: LHP Luis Guevara
Batting: RHB Diego Ocampo 0-0: Ball
1-0: Foul Ball, location: 2F
1-1: Fly out, F7 (Flyball, 7D)
Bottom of the 7th over - 0 run(s), 1 hit(s), 0 error(s), 1 left on base; Trenton 3 - Detroit 5
TOP OF THE 8TH
Trenton Stars batting - Pitching for Detroit X-Wings : RHP Gabriel Ruíz
Pitching: RHP Carlos Díaz
Batting: LHB Felipe Guerrero 0-0: Ball
1-0: Called Strike
1-1: Foul Ball, location: 2F
1-2: Foul Ball, location: 2F
1-2: Ball
2-2: Ball
3-2: Base on Balls
Pitching: RHP Nick Hall
Batting: RHB Kenji Murayama 0-0: Ball
1-0: Fly out, F9 (Flyball, 9M)
Batting: RHB Salvador Gonzáles 0-0: Grounds into double play, 4-6-3 (Groundball, 4M)
Top of the 8th over - 0 run(s), 0 hit(s), 0 error(s), 0 left on base; Trenton 3 - Detroit 5
BOTTOM OF THE 8TH
Detroit X-Wings batting - Pitching for Trenton Stars : LHP Luis Guevara
Batting: LHB Juan Jose Pineda 0-0: Swinging Strike
0-1: Ball
1-1: Foul Ball, location: 2F
1-2: Ball
2-2: Strikes out swinging
Batting: SHB Jaime Montés 0-0: Ball
1-0: Foul Ball, location: 2F
1-1: Ball
2-1: Swinging Strike
2-2: Foul Ball, location: 2F
2-2: Ball
3-2: Foul Ball, location: 2F
3-2: Foul Ball, location: 2F
3-2: Base on Balls
Batting: RHB Gary Witt 0-0: Foul Ball, location: 2F
0-1: Ball
1-1: Foul Ball, location: 2F
1-2: Foul Ball, location: 2F
1-2: Strikes out swinging
Batting: LHB Gonzalo Trujillo 0-0: Fielders Choice at 2nd, U6 (Groundball, 6M)
Bottom of the 8th over - 0 run(s), 0 hit(s), 0 error(s), 1 left on base; Trenton 3 - Detroit 5
TOP OF THE 9TH
Trenton Stars batting - Pitching for Detroit X-Wings : RHP Nick Hall
Pitching: LHP Arturo Sánchez
Batting: LHB Alonzo Medine 0-0: Ball
1-0: Foul Ball, location: 2F
1-1: Ball
2-1: Ball
3-1: Base on Balls
Batting: RHB Rafael Canales 0-0: SINGLE (Flyball, 8LS)
Alonzo Medine to second
Batting: LHB Ju-wei Shiu 0-0: Called Strike
0-1: Bunted foul
0-2: Strikes out swinging
Pinch Hitting: RHB Joe Fisher 0-0: Ball
1-0: Foul Ball, location: 2F
1-1: Fly out, F5 (Popup, 5SF)
Batting: RHB Jesús Dávila 0-0: Ball
1-0: Foul Ball, location: 2F
1-1: Called Strike
1-2: Ground out 6-3 (Groundball, 6)
Top of the 9th over - 0 run(s), 1 hit(s), 0 error(s), 2 left on base; Trenton 3 - Detroit 5
Monday, December 5th, 2016 - OOTP Baseball 17.12 Build 75